 Dungeon Crawl Stone Soup version 0.29.1-15-g9cfb28693d (webtiles) character file.

Game seed: 5092337140066427665

25 jombi the Insei (level 3, -4/23 HPs)
             Began as an Octopode Transmuter on Mar 7, 2023.
             Killed by a fireball (18 damage)
             ... invoked by the fiery rage of Trog
             ... on level 1 of the Dungeon.
             The game lasted 00:01:49 (758 turns).

jombi the Insei (Octopode Transmuter)                Turns: 758, Time: 00:01:51

Health: -4/23      AC:  1    Str:  9    XL:     3   Next: 6%
Magic:  11/15      EV: 13    Int: 17    God:
Gold:   16         SH:  0    Dex: 12    Spells: 0/6 levels left

rFire   . . .      SeeInvis .     - Unarmed
rCold   . . .      Faith    .   (no shield)
rNeg    . . .      Spirit   .   (helmet currently unavailable)
rPois   .          Reflect  .   (no amulet)
rElec   .          Harm     .   b - ring of resist corrosion
rCorr   +          Rampage  .   e - ring of magical power
Will    .....                   (no ring)
Stlth   ++........              (no ring)
HPRegen 0.07/turn               (no ring)
MPRegen 0.14/turn               (no ring)
                                (no ring)
                                (no ring)

@: appendages, wereblooded
A: tentacle spike 3, almost no armour, amphibious, 8 rings, camouflage 1,
gelatinous body 1, (nimble swimmer 1), tentacles
a: End Transformation


You were on level 1 of the Dungeon.
One of your tentacles had grown a beastly spike.
You visited 1 branch of the dungeon, and saw 1 of its levels.

You collected 16 gold pieces.

Inventory:

Jewellery
 b - a ring of resist corrosion (left tentacle)
 e - a ring of magical power (right tentacle)
Scrolls
 f - a scroll of teleportation {unknown}
 g - a scroll of immolation {unknown}
Potions
 a - a potion of lignification
 c - a potion of invisibility {unknown}
 d - a potion of attraction {unknown}


   Skills:
 - Level 1.4 Fighting
 - Level 2.2 Dodging
 * Level 3.6 Unarmed Combat
 - Level 2.0 Spellcasting
 + Level 2.1 Transmutations
 + Level 0.0 Poison Magic


You couldn't memorise any spells.
You knew the following spells:

 Your Spells              Type           Power      Damage    Failure   Level
a - Beastly Appendage     Tmut           16%        N/A       9%          1
b - Wereblood             Tmut           8%         N/A       12%         2
c - Spider Form           Tmut/Pois      5%         N/A       36%         3

Your spell library contained the following spells:

 Spells                   Type           Power      Damage    Failure   Level
 Ice Form                 Ice/Tmut       5%         N/A       77%         4


Dungeon Overview and Level Annotations

Branches:
Dungeon (1/15)

Altars:
Trog


Innate Abilities, Weirdness & Mutations

One of your tentacles has grown a beastly spike.
You cannot wear most types of armour.
You are amphibious.
You can wear up to eight rings at the same time.
Your skin changes colour to match your surroundings (Stealth+).
Your rubbery body absorbs attacks. (AC +1, EV +1)
((You are camouflaged when in or above water. (Stealth+)))
You have tentacles for arms and can constrict up to eight enemies at once.


Message History

Your transformation is almost over.
You howl as the wereblood boils in your veins!
Your primal bloodlust is almost over.
You howl as the wereblood boils in your veins!
You howl as the wereblood boils in your veins!
Your tentacle spike disappears.
Your primal bloodlust has ended.
A kobold comes into view. It is wielding a +0 club.
A kobold is nearby!
A hobgoblin comes into view.
The kobold shouts!
The hobgoblin shouts!
The kobold hits you with a +0 club.
You tentacle-slap the hobgoblin. You grab the hobgoblin.
The hobgoblin is moderately wounded.
You constrict the hobgoblin, but do no damage.
The hobgoblin barely misses you. The kobold hits you with a +0 club.
You tentacle-slap the hobgoblin but do no damage.
The hobgoblin is moderately wounded.
You constrict the hobgoblin. The hobgoblin misses you.
The kobold hits you with a +0 club.
You tentacle-slap the hobgoblin.
The hobgoblin is almost dead.
You constrict the hobgoblin.
You kill the hobgoblin!
Casting: Wereblood (safe; 12% risk of failure)
Confirm with . or Enter, or press ? or * to list all spells.
One of your tentacles grows a vicious spike.
The kobold misses you.
Casting: Beastly Appendage (safe; 9% risk of failure)
Confirm with . or Enter, or press ? or * to list all spells.
Your blood is infused with primal strength.
The kobold hits you with a +0 club.
Casting: Wereblood (safe; 12% risk of failure)
Confirm with . or Enter, or press ? or * to list all spells.
You fail to extend your transformation any further.
The kobold closely misses you. Trog hurls fiery rage upon you!
The fireball explodes!
The fireball engulfs you!!
Ouch! That really hurt!
You die...

........ .....
#########..####
######..............
##......#####.######
..........# #.#
.............# #.#
.#.###....)..# #.# .#.#
######†####.######
...########.#...@.....#
............#..†K.....#
............#.........#
...........##...........
...........##.........##
#......)...##.........#
#......†...##.........#
#..........##.........#
#..........#


You could see a kobold and the fiery rage of Trog (unaware).

Vanquished Creatures
  4 ball pythons (D:1)
  4 bats (D:1)
  An endoplasm (D:1)
  2 giant cockroaches (D:1)
  2 goblins (D:1)
  A hobgoblin (D:1)
  2 jackals (D:1)
  2 quokkas (D:1)
  3 kobolds (D:1)
  A rat (D:1)
22 creatures vanquished.

Vanquished Creatures (others)
  A fungus (D:1)
1 creature vanquished.

Grand Total: 23 creatures vanquished

Notes
Turn   | Place    | Note
-------+----------+-------------------------------------------
     0 | D:1      | jombi the Octopode Transmuter began the quest for the Orb.
     0 | D:1      | Reached XP level 1. HP: 13/13 MP: 3/3
    80 | D:1      | Found a faded altar of an unknown god.
    88 | D:1      | Prayed at the altar of an unknown god.
    88 | D:1      | Became a worshipper of Trog the Wrathful
    88 | D:1      | Reached * piety under Trog
   261 | D:1      | Reached XP level 2. HP: 10/18 MP: 5/5
   417 | D:1      | Fell from the grace of Trog
   555 | D:1      | Learned a level 2 spell: Wereblood
   715 | D:1      | Reached XP level 3. HP: 23/23 MP: 6/6
   719 | D:1      | Learned a level 3 spell: Spider Form
   758 | D:1      | Killed by a fireball

Illustrated notes

Levels and vault maps discovered:
D:1:      tarquinn_simple_flora_water_a, layout_basic,
          shapermc_ecumenical_altar_mp_urbaneastern

Action                   || total
-------------------------++-------
Melee: Unarmed           ||    42
       Constrict         ||    16
       Tentacles         ||     6
       Kick              ||     9
 Cast: Beastly Appendage ||     9
       Wereblood         ||     4
Invok: Renounce Religion ||     1
 Stab: Sleeping          ||     3
Armor: Skin              ||     2
Dodge: Dodged            ||    23
